 Dungeon Crawl Stone Soup version 0.15-a0-734-g2b8d6ef (webtiles) character file.

8257 Leibowitz the Covert (level 10, -1/83 HPs)
             Began as a Demigod Gladiator on May 11, 2014.
             Slain by a spiny frog (17 damage)
             ... on Level 1 of the Lair of Beasts.
             The game lasted 01:07:28 (13610 turns).

Leibowitz the Covert (Demigod Gladiator)           Turns: 13610, Time: 01:07:29

HP  -1/83        AC 13     Str 20      XL: 10   Next: 80%
MP  22/22        EV 20     Int 13      God:
Gold 1092        SH  0     Dex 23      Spells:  0 memorised,  9 levels left

rFire  . . .     SeeInvis .     a - +2,+4 dagger (protect)
rCold  + . .     Clarity  .     K - +2 leather armour {rC+}
rNeg   . . .     Conserve .     (no shield)
rPois  .         rCorr    .     c - +0 helmet
rElec  .         rRot     .     t - +0 cloak
SustAb . .       Spirit   .     D - +0 pair of gloves
rMut   .         Warding  .     (no boots)
Gourm  .         Stasis   .     k - amulet of rage
MR     +....                    T - +2 ring of dexterity
                                e - ring of stealth

@: invisible, somewhat resistant to hostile enchantments, very stealthy
A: no striking features
a: Evoke Berserk Rage


You were on level 1 of the Lair of Beasts.
You were hungry.

You visited 2 branches of the dungeon, and saw 10 of its levels.
You also visited: Bailey.

You collected 1092 gold pieces.

Inventory:

Hand weapons
 a - a +2,+4 dagger of protection (weapon)
 b - a +2 blowgun
 n - a +2,+0 dagger of protection
 J - a +1,+0 dagger of freezing
Missiles
 d - 2 throwing nets
 g - 18 stones
 i - 4 needles of frenzy
 C - 7 needles of confusion
 I - 24 poisoned needles
 P - 8 javelins (quivered)
Armour
 c - a +0 helmet (worn)
 t - a +0 cloak (worn)
 D - a +0 pair of gloves (worn)
 K - a +2 leather armour of cold resistance (worn)
Magical devices
 j - a wand of lightning (4)
 v - a wand of confusion (6)
 B - a wand of magic darts (3)
 F - a wand of draining (4)
 H - a wand of magic darts (12)
 N - a wand of digging (9)
 O - a wand of fire (2)
 U - a wand of enslavement (8)
 W - a wand of magic darts (3)
Comestibles
 f - 9 bread rations
 l - 6 meat rations
 m - an orange
 o - a beef jerky
 w - an apple
 z - a rambutan
 A - a choko
 S - a chunk of quokka flesh
 V - 3 chunks of giant frog flesh
Scrolls
 s - 7 scrolls of identify
 u - 6 scrolls of remove curse
 x - 2 scrolls of fear
 E - 2 scrolls of teleportation
 L - a scroll of blinking
 X - a scroll of enchant weapon II
Jewellery
 e - a ring of stealth (left hand)
 k - an amulet of rage (around neck)
 y - an uncursed ring of invisibility
 M - an uncursed ring of protection from fire
 Q - an uncursed ring of flight
 R - an uncursed amulet of resist corrosion
 T - a +2 ring of dexterity (right hand)
Potions
 h - 8 potions of curing
 p - a potion of magic
 q - 5 potions of might
 r - 3 potions of agility


   Skills:
 * Level 6.1 Fighting
 + Level 5.5 Short Blades
 + Level 3.9 Throwing
 + Level 3.2 Armour
 + Level 8.7 Dodging
 * Level 9.4 Stealth
 * Level 5.0 Evocations


You had 9 spell levels left.
You didn't know any spells.

Dungeon Overview and Level Annotations

Branches:
Dungeon (9/15)             Temple (0/1) D:6            Lair (1/8) D:9
    Orc: D:9-12


Message History

The spiny frog is almost dead.
You feel sick. The porcupine closely misses you.
You hit the spiny frog.
The spiny frog is almost dead.
The spiny frog barely misses you. The porcupine misses you.
You closely miss the spiny frog.
The spiny frog is almost dead.
You feel sick. The spiny frog barely misses you.
You hit the spiny frog but do no damage.
The spiny frog is almost dead.
You feel sick. The porcupine barely misses you. The spiny frog stings you!
* * * LOW HITPOINT WARNING * * *
Drink which item? (? for menu, Esc to quit)
You feel better. The porcupine closely misses you.
The spiny frog barely misses you. The porcupine barely misses you.
Drink which item? (? for menu, Esc to quit)
You fade into invisibility!
The spiny frog stings you but does no damage.
The porcupine barely misses you. The spiny frog stings you!
You die...

### #### #####.# #P.##
#####..#F@# ##...#
###.......r## ##...#
#P........## ##....##
...........#####......###
............##.......#.####
............#..........#.##
#
.........................#.
#
..................###.....
# ......#........### ##....


You could see a spiny frog and a porcupine.

Vanquished Creatures
  Joseph (D:8)
  A spiny frog (Lair:1)
  A merfolk (D:9)
  The ghost of casual the Shield-Bearer, an average HuFi (D:3)
  Prince Ribbit (D:7)
  A wyvern (D:8)
  5 ugly things (D:9)
  Grum (D:8)
  3 wolves (D:8)
  A warg (D:9)
  Edmund (D:7)
  A porcupine (Lair:1)
  2 black bears
  5 orc warriors
  2 sky beasts (D:8)
  A centaur (D:8)
  The ghost of 4tharraofdagon the Chopper, an average OpBe of Trog (D:6)
  2 ogres (D:5)
  Sigmund (D:7)
  7 giant frogs
  Blork the orc (D:5)
  4 scorpions
  5 wights (D:8)
  An eye of draining (D:8)
  11 killer bees (D:7)
  A troll skeleton (D:8)
  A crimson imp (D:5)
  A goliath beetle (D:7)
  4 hounds
  Crazy Yiuf (D:2)
  3 gnoll shamans (D:5)
  3 big fish (D:9)
  2 giant frog skeletons
  5 orc priests
  16 orc wizards
  A killer bee zombie (D:8)
  A quasit (D:4)
  9 worker ants
  4 iguanas
  6 sheep (Lair:1)
  Ijyb (D:2)
  A crocodile skeleton (D:9)
  2 hound zombies
  2 jellies
  A worker ant zombie (D:6)
  11 adders
  37 gnolls (D:5)
  9 green rats (Lair:1)
  A steam dragon skeleton (D:9)
  An inept feature mimic (D:5)
  A goliath beetle zombie (D:9)
  3 giant mites
  3 shadow imps
  5 worms
  6 giant geckos
  2 oozes (D:5)
  36 orcs
  A ball python (D:5)
  20 bats
  7 giant cockroaches
  19 hobgoblins
  26 jackals
  26 kobolds
  5 quokkas
  A giant gecko skeleton (D:4)
  6 giant newts
  9 goblins
  A hobgoblin zombie (D:4)
  2 orc skeletons
  13 rats
  A rat skeleton (D:4)
378 creatures vanquished.

Vanquished Creatures (collateral kills)
  A porcupine (Lair:1)
  A rat (D:6)
2 creatures vanquished.

Vanquished Creatures (others)
  A worker ant (D:8)
  An adder (D:6)
  2 orcs
  A hobgoblin (D:6)
5 creatures vanquished.

Grand Total: 385 creatures vanquished

Notes
Turn   | Place    | Note
--------------------------------------------------------------
     0 | D:1      | Leibowitz, the Demigod Gladiator, began the quest for the Orb.
     0 | D:1      | Reached XP level 1. HP: 17/17 MP: 2/2
   246 | D:1      | Reached skill level 3 in Dodging
   375 | D:1      | Reached XP level 2. HP: 16/24 MP: 3/3
   987 | D:2      | Noticed Ijyb
  1026 | D:2      | Reached XP level 3. HP: 27/29 MP: 5/5
  1051 | D:2      | Killed Ijyb
  1146 | D:2      | Noticed Crazy Yiuf
  1154 | D:2      | Killed Crazy Yiuf
  1154 | D:2      | Reached skill level 1 in Armour
  1154 | D:2      | Reached XP level 4. HP: 20/37 MP: 7/7
  1312 | D:2      | Reached skill level 1 in Stealth
  2005 | D:3      | Noticed casual's ghost (average HuFi)
  2028 | D:3      | Killed casual's ghost
  2028 | D:3      | Reached skill level 4 in Dodging
  2028 | D:3      | Reached XP level 5. HP: 44/44 MP: 8/8
  2028 | D:3      | Reached XP level 6. HP: 50/50 MP: 10/10
  3881 | D:4      | Reached skill level 5 in Dodging
  4027 | D:4      | Reached XP level 7. HP: 55/57 MP: 12/12
  4095 | D:5      | Entered Level 5 of the Dungeon
  4095 | D:5      | Found Erghewno's Food Shop.
  4123 | D:5      | Erghewno's Food Shop was a mimic.
  4502 | D:5      | Found a radiant altar of Vehumet.
  4508 | D:5      | Found a glowing silver altar of Zin.
  4512 | D:5      | Found a bloodstained altar of Trog.
  5196 | D:5      | Reached skill level 1 in Evocations
  5309 | D:5      | Reached XP level 8. HP: 49/64 MP: 14/14
  5358 | D:5      | Noticed Blork the orc
  5383 | D:5      | Killed Blork the orc
  5383 | D:5      | Reached skill level 6 in Dodging
  5724 | D:5      | Reached skill level 5 in Stealth
  6684 | D:6      | Noticed 4tharraofdagon's ghost (average OpBe)
  6769 | D:6      | Killed 4tharraofdagon's ghost
  6769 | D:6      | Reached skill level 7 in Dodging
  7062 | D:6      | Found a burning altar of Makhleb.
  7186 | D:6      | Found a blossoming altar of Fedhas.
  7285 | D:6      | Found a stormy altar of Qazlal.
  7378 | D:6      | Found a staircase to the Ecumenical Temple.
  7659 | D:7      | Noticed Edmund
  7674 | D:7      | Reached XP level 9. HP: 67/71 MP: 14/16
  7677 | D:7      | Killed Edmund
  7731 | D:7      | Noticed Prince Ribbit
  7755 | D:7      | Killed Prince Ribbit
  7948 | D:7      | Noticed Sigmund
  7981 | D:7      | Found a flagged portal.
  8094 | Bailey   | Entered a bailey
  8197 | Bailey   | Found a bloodstained altar of Trog.
  8471 | D:7      | Paralysed by a potion of paralysis for 3 turns
  8908 | D:7      | Found a white marble altar of Elyvilon.
  8983 | D:7      | Reached skill level 5 in Short Blades
  9164 | D:7      | Killed Sigmund
  9606 | D:8      | Reached skill level 5 in Fighting
  9883 | D:8      | Noticed Grum
  9895 | D:8      | Reached skill level 8 in Dodging
  9926 | D:8      | Killed Grum
  9926 | D:8      | Reached XP level 10. HP: 29/81 MP: 21/21
 10174 | D:8      | Noticed Joseph
 10232 | D:8      | Killed Joseph
 11478 | D:9      | Found a staircase to the Lair.
 12014 | D:9      | Reached skill level 9 in Stealth
 12632 | Lair:1   | Entered Level 1 of the Lair of Beasts
 13229 | Lair:1   | Reached skill level 5 in Evocations
 13610 | Lair:1   | Slain by a spiny frog

Action                   |  1- 3 |  4- 6 |  7- 9 | 10-12 || total
-------------------------+-------+-------+-------+-------++-------
Melee: Cutlass           |    35 |       |       |       ||    35
       Dagger            |    93 |   322 |   970 |   527 ||  1912
 Fire: Blowgun           |       |    12 |   101 |    18 ||   131
Throw: Throwing net      |     3 |       |     1 |     1 ||     5
       Javelin           |       |       |       |     4 ||     4
       Stone             |       |       |       |     1 ||     1
 Abil: Evoke Berserk Rag |       |     1 |     3 |     1 ||     5
       Evoke Invisibilit |       |       |     4 |     4 ||     8
Evoke: Wand              |       |     4 |    11 |    12 ||    27
  Use: Scroll            |       |       |    12 |     1 ||    13
       Potion            |       |       |     9 |     6 ||    15
 Stab: Sleeping          |     5 |    14 |    16 |    20 ||    55
       Held in net/web   |     3 |       |       |       ||     3
       Distracted        |       |     1 |     7 |     1 ||     9
       Confused          |       |     1 |     4 |     4 ||     9
       Invisible         |       |       |    13 |     6 ||    19
